 Dungeon Crawl Stone Soup version 0.32-a0-868-g153ae1a8d6 (webtiles) character file.

Game seed: 6474888881001855240

1190 BubbleThief the Skirmisher (level 8, -2/56 HPs)
             Began as a Coglin Hunter on Mar 28, 2024.
             Slain by a vampire
             ... wielding a +0 spear
              (14 damage)
             ... on level 6 of the Dungeon.
             The game lasted 00:07:49 (4330 turns).

BubbleThief the Skirmisher (Coglin Hunter)          Turns: 4330, Time: 00:07:50

Health: -2/56      AC:  9    Str: 12    XL:     8   Next: 43%
Magic:  8/8        EV: 11    Int:  9    God:
Gold:   487        SH:  0    Dex: 23    Spells: 7/7 levels left

rFire   + . .        a - +2 sling {Armando}
rCold   . . .        d - +0 sling {Zoran}
rNeg    . . .        k - +3 leather armour of Experimentation {rPois rF+ Will- Dex+4}
rPois   +            c - +2 helmet
rElec   .            (no cloak)
rCorr   .            (no gloves)
SInv    .            (no boots)
Will    .....        (amulet unavailable)
Stlth   ++           (ring unavailable)
HPRegen 0.29/turn    (ring unavailable)
MPRegen 0.11/turn    (no gizmo)

%: no passive effects
@: studying Ranged Weapons, revved
A: off-hand wielding, slow wielding, warmup strikes, no jewellery
a: Invent Gizmo


You were on level 6 of the Dungeon.
You visited 1 branch of the dungeon, and saw 6 of its levels.
You also visited: Ossuary.

You collected 487 gold pieces.

Inventory:

Hand Weapons
 a - a +2 sling (weapon) {Armando}
 d - a +0 sling (offhand) {Zoran}
Missiles
 g - 5 curare-tipped darts
 y - 2 throwing nets
Armour
 c - a +2 helmet (worn)
 k - the +3 leather armour of Experimentation (worn) {rPois rF+ Will- Dex+4}
   (You found it on level 2 of the Dungeon)

   Dex+4:     It affects your dexterity (+4).
   rF+:       It protects you from fire.
   rPois:     It protects you from poison.
   Will-:     It decreases your willpower.
 m - the +0 scale mail of the Pink Corner {-Cast rElec rC+ Str+3}
   (You found it on level 3 of the Dungeon)

   Str+3:     It affects your strength (+3).
   rC+:       It protects you from cold.
   rElec:     It insulates you from electricity.
   -Cast:     It prevents spellcasting.
Wands
 i - a wand of acid (7)
 n - a wand of charming (5)
Scrolls
 b - a scroll of butterflies
 e - a scroll of identify
 h - 2 scrolls of teleportation
 j - a scroll of fog
 q - a scroll of revelation
 r - a scroll of enchant armour {unknown}
 v - 2 scrolls of enchant weapon {unknown}
 x - a scroll of brand weapon {unknown}
 C - a scroll of silence {unknown}
 D - a scroll of poison {unknown}
Potions
 f - 6 potions of mutation
 l - 2 potions of haste
 o - a potion of enlightenment {unknown}
 p - 2 potions of ambrosia
 s - a potion of cancellation {unknown}
 t - a potion of curing
 u - a potion of magic
 w - a potion of brilliance
 z - a potion of might
 A - a potion of invisibility
 B - a potion of lignification


   Skills:
 - Level 2.0 Fighting
 + Level 10.6 Ranged Weapons
 - Level 1.7 Dodging
 - Level 0.7 Stealth


You had 7 spell levels left.
You didn't know any spells.
Your spell library contained the following spells:

 Spells                   Type           Power      Damage    Failure   Level
 Cigotuvi's Dreadful Rot  Necr/Alch/Air  0%         N/A       61%         2
 Jinxbite                 Hex            0%         N/A       61%         2
 Passwall                 Erth           0%         N/A       83%         3
 Tukima's Dance           Hex            0%         N/A       83%         3
 Volatile Blastmotes      Fire/Tloc      0%         2d10      83%         3
 Dimensional Bullseye     Hex/Tloc       0%         N/A       99%         4
 Dispel Undead            Necr           0%         3d6       99%         4
 Iskenderun's Mystic Bla Conj/Tloc 0%             2d3        (+2d1     99%         4
 Martyr's Knell           Necr/Summ      0%         N/A       99%         4
 Vhi's Electric Charge    Tloc/Air       0%         N/A       99%         4
 Yara's Violent Unravell  Hex/Alch       0%         3d3       100%        5
 Bombard                  Conj/Erth      0%         9d1       100%        6
 Enfeeble                 Hex            0%         N/A       100%        7


Dungeon Overview and Level Annotations

Branches:
Dungeon (6/15)            Ossuary (visited)
 Temple: D:4-7

Altars:
Fedhas
Makhleb
Okawaru
Qazlal
Ru
Trog
Xom

Shops:
D:5 [[:


Innate Abilities, Weirdness & Mutations

You can wield a second weapon in your off-hand.
It takes a long time for you to wield or remove held weapons.
Your first few attacks do less damage.
You cannot equip rings or amulets.


Message History

You shoot a sling bullet. The sling bullet hits the vampire.
The vampire is almost destroyed.
The vampire hits you from afar with a +0 spear!
You are too injured to fight recklessly!
You are too injured to fight recklessly!
You are too injured to fight recklessly!
You are too injured to fight recklessly!
Unknown command.
Fire: a) +2 sling {Armando}
Press: ? - help, Shift-Dir - straight line, f/p - vampire
Aim: a vampire, wielding a +0 spear (almost destroyed, 69% to hit)
You shoot a sling bullet.
The sling bullet hits the vampire but does no damage.
The vampire is almost destroyed.
You shoot a sling bullet.
The sling bullet hits the vampire but does no damage.
The vampire is almost destroyed.
The vampire barely misses you.
Fire: a) +2 sling {Armando}
Press: ? - help, Shift-Dir - straight line, f/p - vampire
Aim: a vampire, wielding a +0 spear (almost destroyed, 69% to hit)
You shoot a sling bullet.
The sling bullet hits the vampire but does no damage.
The vampire is almost destroyed.
You shoot a sling bullet.
The sling bullet barely misses the vampire.
The vampire hits you from afar with a +0 spear!
* * * LOW HITPOINT WARNING * * *
Unknown command.
Fire: a) +2 sling {Armando}
Press: ? - help, Shift-Dir - straight line, f/p - vampire
Aim: a vampire, wielding a +0 spear (almost destroyed, 69% to hit)
You shoot a sling bullet.
The sling bullet hits the vampire but does no damage.
The vampire is almost destroyed.
You shoot a sling bullet.
The sling bullet hits the vampire but does no damage.
The vampire is almost destroyed.
The vampire hits you from afar with a +0 spear!
You die...

#........#.......#........P.~
#........#.......#.#........~
#........#.....♣.#.#........~
#.............♣..#.#.........
#.........=.P..♣#.......#...~
#.........#..♣.....####...##.
#........<..##...)##**#......
#........#..........,,,...##.
############@##.....,,,,,,,,.
#.##...##*****,*..
#.V......** *,*.. ##.......,*
*,*.. ******#..###.,****,,,.
**,,,,,,....,,,**,,,,,#
**,>,,,,,...............
*,,,,,,,,,......>....?..
*,,,,,,,,,.....,........


You could see a vampire.

Vanquished Creatures
  A black bear (D:6)
  An ice beast (D:5)
  2 ogres
  A bullfrog (D:6)
  A scorpion (D:4)
  A crimson imp (D:4)
  A bombardier beetle (D:5)
  3 hounds (D:5)
  A quasit (D:6)
  A gnoll bouda (D:5)
  3 iguanas
  An orc wizard (D:5)
  8 mummies (Ossuary)
  9 gnolls (D:5)
  3 adders
  A shadow imp (D:5)
  A ribbon worm zombie (D:4)
  2 white imps (D:6)
  4 ufetubi (D:6)
  A ribbon worm (D:2)
  A dart slug (D:1)
  7 orcs
  13 ball pythons
  12 endoplasms
  6 giant cockroaches
  6 goblins
  7 hobgoblins
  3 jackals (D:1)
  8 quokkas
  5 bats
  3 frilled lizards
  2 hobgoblin zombies (Ossuary)
  A jackal zombie (D:4)
  8 kobolds
  3 kobold zombies (Ossuary)
  3 orc zombies (Ossuary)
  7 rats
141 creatures vanquished.

Notes
Turn   | Place    | Note
-------+----------+-------------------------------------------
     0 | D:1      | BubbleThief the Coglin Hunter began the quest for the Orb.
     0 | D:1      | Reached XP level 1. HP: 16/16 MP: 1/1
   207 | D:1      | Reached skill level 4 in Ranged Weapons
   207 | D:1      | Reached XP level 2. HP: 22/22 MP: 2/2
   311 | D:1      | Found a faded altar of an unknown god.
   526 | D:1      | Reached XP level 3. HP: 27/27 MP: 3/3
   872 | D:2      | Reached skill level 5 in Ranged Weapons
   872 | D:2      | Reached XP level 4. HP: 33/33 MP: 4/4
  1022 | D:2      | Identified the +3 leather armour of Experimentation {rPois
                  | rF+ Will- Dex+4}
  1424 | D:3      | Found a bloodstained altar of Trog.
  1461 | D:3      | Found a stormy altar of Qazlal.
  1538 | D:3      | Found an iron altar of Okawaru.
  1559 | D:3      | Identified the +0 scale mail of the Pink Corner {-Cast
                  | rElec rC+ Str+3}
  2048 | D:4      | Noticed an ogre
  2053 | D:4      | Killed an ogre
  2054 | D:4      | Reached skill level 6 in Ranged Weapons
  2054 | D:4      | Reached XP level 5. HP: 38/38 MP: 5/5
  2135 | D:4      | Found a burning altar of Makhleb.
  2135 | D:4      | Found a shimmering altar of Xom.
  2200 | D:4      | Reached XP level 6. HP: 44/44 MP: 6/6
  2295 | D:4      | Found a sand-covered staircase.
  2307 | Ossuary  | Entered an ossuary
  2426 | Ossuary  | Reached skill level 7 in Ranged Weapons
  2965 | D:4      | Reached XP level 7. HP: 50/50 MP: 7/7
  3018 | D:5      | Entered Level 5 of the Dungeon
  3124 | D:5      | Reached skill level 8 in Ranged Weapons
  3431 | D:5      | Found a sacrificial altar of Ru.
  3466 | D:5      | Found Etoigez's Book Shop.
  3580 | D:5      | Found Dyty's Armour Shoppe.
  3663 | D:5      | Found Ypsucioq's Armour Shop.
  4023 | D:5      | Reached XP level 8. HP: 56/56 MP: 8/8
  4055 | D:6      | Found a blossoming altar of Fedhas.
  4082 | D:6      | Noticed a vampire
  4112 | D:6      | Identified a scroll of acquirement
  4112 | D:6      | Acquired a manual of Ranged Weapons
  4160 | D:6      | Reached skill level 9 in Ranged Weapons
  4259 | D:6      | Reached skill level 10 in Ranged Weapons
  4330 | D:6      | Slain by a vampire

Illustrated notes

Levels and vault maps discovered:
D:1:      dpeg_arrival_leaves_temple_mockup, layout_loops_ring,
          hellmonk_ecumenical_altar_leap_of_faith, serial_bayou_pond_c,
          minmay_misc_feat_secret_circle
D:2:      layout_basic
D:3:      layout_basic, mainiacjoe_overflow_tiny_flanked, okawaru_gym_becter,
          mainiacjoe_overflow_24_doors, nicolae_the_louvre
D:4:      layout_basic, grunt_temple_overflow_champion_of_chaos, enter_ossuary_3
D:5:      layout_loops_corners, nicolae_ru_great_annihilating_truth,
          serial_glass, glass_columns_a, glass_columns_a, glass_columns_c,
          glass_columns_b, serial_shops, nicolae_shop_just_a_little_nook, shop,
          nicolae_shop_pleasant_corner_grove, kennysheep_generic_room_7
D:6:      layout_rooms, fedhas_ov_isle_minmay, serial_demonic, serial_demonic_e,
          serial_demonic_f, serial_demonic_f, serial_demonic_c,
          serial_demonic_f, serial_demonic_e

Skill      XL: |  1  2  3  4  5  6  7  8 |
---------------+-------------------------+-----
Ranged Weapons | 4 5 6 7 8 10 | 10.6
Fighting       | |  2.0
Dodging        | |  1.7
Stealth        | |  0.7

Action                     |  1- 3 |  4- 6 |  7- 9 || total
---------------------------+-------+-------+-------++-------
   Fire: Sling             |   144 |   280 |   274 ||   698
    Use: Scroll            |       |     4 |    10 ||    14
 Armour: Leather armour    |     4 |     7 |    37 ||    48
  Dodge: Dodged            |     5 |     9 |    32 ||    46

Table legend: (Time is in decaauts)
 A = Elapsed time spent in this place.
 B = Non-inter-level travel time spent in this place.
 C = Inter-level travel time spent in this place.
 D = Time resting spent in this place.
 E = Time spent auto-exploring this place.
 F = Levels seen in this place.
 G = Mean time per level.
                   A        B        C        D        E       F      G
               +--------+--------+--------+--------+--------+-----+--------+
         Total |   4371 |   4182 |    189 |      0 |   3315 |   7 |  624.4 |
       Dungeon |   4170 |   3981 |    189 |      0 |   3211 |   6 |  695.0 |
       Ossuary |    201 |    201 |      0 |      0 |    104 |   1 |  201.0 |
               +--------+--------+--------+--------+--------+-----+--------+

Top non-repeatable levels by time:
     D:5: 1044 daAuts
     D:1: 841 daAuts
     D:4: 787 daAuts
     D:3: 676 daAuts
     D:2: 551 daAuts
     D:6: 268 daAuts
 Ossuary: 201 daAuts
